Map: Traitor's Exile

Players

MonstroTown - Winner!

  • Race: Terran Terran
  • Spawn Location: 5:00

Michael - Winner!

  • Race: Zerg Zerg
  • League: Gold
  • Spawn Location: 6:00

IIIIIIIIIII

  • Race: Protoss Protoss
  • League: Platinum
  • Spawn Location: 12:00

DEPREDATOR

  • Race: Terran Terran
  • League: Platinum
  • Spawn Location: 9:00

VOD

Have the link to the VOD?

Description

Time

  • Played on: Sept. 25, 2018, 7:38 p.m.
  • Length: 3:52
Show
View Real Time Build Order
Export as new Build Order

MonstroTown Terran - Winner!

Build Orders:  

Get SALT Encoding   

  12  0:01  SCV  
  13  0:13  SCV  
  14  0:18  Supply Depot  
  14  0:25  SCV  
  15  0:40  SCV  
  15  0:41  Barracks  
  16  0:47  Refinery  
  16  0:52  SCV  
  17  1:04  SCV  
  17  1:09  Refinery  
  18  1:16  SCV, Barracks  
  20  1:36  Reaper  
  20  1:37  Orbital Command  
  20  1:56  Factory  
  20  2:04  Reaper  
  21  2:09  Reaper  
  22  2:37  Reaper  
  23  3:05  Reaper  
  23  3:11  Reaper  
  23  3:12  Factory Tech Lab  
  23  3:15  Command Center  
Show
View Real Time Build Order
Export as new Build Order

Michael Zerg - Winner!

Build Orders: Pool First 

Get SALT Encoding   

  12  0:01  Drone  
  13  0:14  Overlord  
  13  0:18  Drone  
  14  0:33  Drone x2  
  16  0:36  Drone  
  17  0:47  Extractor, Drone  
  17  0:53  Spawning Pool  
  16  0:57  Drone  
  17  1:08  Drone  
  18  1:25  Hatchery  
  18  1:26  Drone  
  18  1:31  Drone  
  19  1:39  Queen  
  21  1:47  Zergling x2  
  22  1:54  Overlord  
  22  2:00  Metabolic Boost  
  22  2:21  Zergling x4  
  24  2:24  Queen  
  24  2:25  Overlord  
  26  2:39  Roach Warren  
  26  2:40  Drone  
  26  2:41  Evolution Chamber  
  25  2:44  Drone  
  25  3:02  Zergling x2  
  25  3:03  Zergling x8  
  30  3:16  Zergling x6  
  33  3:32  Zergling x2  
  33  3:33  Zergling x2  
  35  3:34  Zergling x2  
Show
View Real Time Build Order
Export as new Build Order

IIIIIIIIIII Protoss 

Build Orders: 1 Gate Expand 

Get SALT Encoding   

  12  0:00  Probe  
  13  0:13  Probe  
  14  0:21  Pylon  
  14  0:25  Probe  
  15  0:39  Probe  
  15  0:42  Gateway  
  16  0:47  Probe  
  16  0:52  Assimilator  
  16  0:55  Probe  
  18  1:06  Probe  
  19  1:18  Probe  
  20  1:33  Cybernetics Core  
  20  1:41  Nexus  
  20  1:53  Probe  
  21  2:05  Assimilator  
  21  2:06  Probe  
  21  2:08  Pylon  
  22  2:22  Pylon  
  22  2:23  Probe  
  22  2:26  Adept  
  23  3:11  Adept  
  21  3:40  Gateway  
  18  3:42  Gateway  
  18  3:45  Gateway  
Show
View Real Time Build Order
Export as new Build Order

DEPREDATOR Terran 

Build Orders:  

Get SALT Encoding   

  12  0:01  SCV  
  13  0:13  SCV  
  14  0:20  Supply Depot  
  14  0:25  SCV  
  15  0:31  Refinery  
  15  0:41  SCV  
  16  0:47  Barracks  
  16  0:54  SCV  
  17  1:06  SCV  
  18  1:18  SCV  
  19  1:30  SCV  
  20  1:35  Reaper  
  21  1:42  SCV  
  22  1:47  Command Center  
  22  1:58  Orbital Command  
  22  2:06  Supply Depot  
  22  2:16  Barracks Tech Lab  
  22  2:25  Factory, SCV  
  23  2:41  Marine  
  23  2:43  SCV  
  24  2:48  Refinery  
  24  2:55  SCV  
  24  3:28  Barracks Reactor  
Tags
 
Add a new tag
Caveats
  • Supply blocks, unpowered buildings, or Contaminate may cause inaccurate times.
  • Supply counts are checked every 10 seconds.